 Dungeon Crawl Stone Soup version 0.31-a0-370-g25055926c8 (webtiles) character file.

Game seed: 14584956230110203236

580 Bnni the Skirmisher (level 7, -3/66 HPs)
             Began as a Tengu Hunter on July 29, 2023.
             Slain by MrAu's ghost (8 damage)
             ... on level 4 of the Dungeon.
             The game lasted 00:07:24 (3444 turns).

Bnni the Skirmisher (Tengu Hunter)                  Turns: 3444, Time: 00:07:25

Health: -3/66      AC:  8    Str: 11    XL:     7   Next: 36%
Magic:  8/8        EV: 14    Int: 10    God:
Gold:   192        SH:  0    Dex: 19    Spells: 6/6 levels left

rFire   . . .        o - +2 dagger (venom)
rCold   . . .        (no shield)
rNeg    . . .        c - +0 leather armour
rPois   +            (helmet restricted)
rElec   .            r - +0 cloak
rCorr   .            (no gloves)
SInv    .            (boots unavailable)
Will    .....        (no amulet) Stlth
                     p - ring of poison resistance
HPRegen 0.31/turn    x - +4 ring of protection
MPRegen 0.11/turn

%: no passive effects
@: berserking, flying quickly and evasively, very quick
A: beak, talons 3, nimble flight
a: no special abilities


You were on level 4 of the Dungeon.
You visited 1 branch of the dungeon, and saw 4 of its levels.
You also visited: Sewer.

You collected 192 gold pieces.

Inventory:

Hand Weapons
 a - a +0 shortbow
 o - a +2 dagger of venom (weapon)
Missiles
 B - a throwing net
Armour
 c - a +0 leather armour (worn)
 r - a +0 cloak (worn)
Jewellery
 g - a ring of resist corrosion
 p - a ring of poison resistance (left hand)
 w - a ring of willpower
 x - a +4 ring of protection (right hand)
Wands
 y - a wand of iceblast (12)
 C - a wand of flame (20)
Scrolls
 d - a scroll of poison {unknown}
 i - a scroll of fear {unknown}
 j - a scroll of summoning {unknown}
 n - 2 scrolls of revelation {unknown}
 s - 4 scrolls of noise {unknown}
 v - a scroll of blinking {unknown}
 A - 2 scrolls of teleportation {unknown}
Potions
 f - 4 potions of curing
 h - 2 potions of mutation
 k - 2 potions of attraction
 l - a potion of magic {unknown}
 m - a potion of resistance {unknown}
 q - a potion of heal wounds {unknown}
 t - a potion of cancellation
 u - a potion of ambrosia {unknown}
 z - 5 potions of enlightenment


   Skills:
 + Level 4.8 Fighting
 * Level 8.2 Ranged Weapons
 - Level 2.1 Dodging
 - Level 1.0 Stealth


You had 6 spell levels left.
You didn't know any spells.
Your spell library was empty.

Dungeon Overview and Level Annotations

Branches:
Dungeon (4/15)              Sewer (visited)
 Temple: D:4-7

Altars:
Kikubaaqudgha

Shops:
D:1 =:   D:2 (

Annotations:
D:4 Dowan; Duvessa; Eustachio; MrAu's ghost, amateur FoFi


Innate Abilities, Weirdness & Mutations

You have a beak for a mouth.
You have claws for feet.
Your magical nature lets you fly swiftly and evasively.


Message History

You shoot an arrow.
The arrow hits MrAu's ghost but does no damage.
MrAu's ghost is lightly damaged.
MrAu's ghost wails, "They lied to you.
The Dungeon just goes down and down forever."
MrAu's ghost barely misses you.
You shoot an arrow. The arrow hits MrAu's ghost.
MrAu's ghost is lightly damaged.
MrAu's ghost hits you.
You shoot an arrow. The arrow hits MrAu's ghost!
MrAu's ghost is moderately damaged.
MrAu's ghost hits you!
You shoot an arrow. The arrow hits MrAu's ghost.
MrAu's ghost is heavily damaged.
MrAu's ghost closely misses you.
You shoot an arrow.
The arrow hits MrAu's ghost but does no damage.
MrAu's ghost is heavily damaged.
MrAu's ghost hits you!
* * * LOW HITPOINT WARNING * * *
Unknown command.
It was a potion of cancellation.
You feel magically purged. MrAu's ghost barely misses you.
It was a potion of berserk rage.
A red film seems to cover your vision as you go berserk!
You feel yourself moving faster!
You feel mighty! MrAu's ghost closely misses you.
Your +2 dagger of venom begins to drip with poison!
o - a +2 dagger of venom (weapon)
You feel a strong urge to attack something.
MrAu's ghost misses you.
You hit MrAu's ghost. You claw MrAu's ghost!
MrAu's ghost is severely damaged.
You closely miss MrAu's ghost. You claw MrAu's ghost!
MrAu's ghost is almost destroyed.
MrAu's ghost hits you!
* * * LOW HITPOINT WARNING * * *
You hit MrAu's ghost but do no damage.
MrAu's ghost is almost destroyed.
MrAu's ghost hits you!
You die...

.# #........"....#.......#.#
.# #.#.##.#.#.#..........#.#
.#
#.#.##......#.#.#####.#.######
####.#.####......#)#
#.........
.......####..#'#.#.#
###.#####.
####.........#~#.#)# #.#####.
# ####.....##~#S#)# #.##.... #
#.######~#W#.# #.##.##. # #.#
#~#@#.# #.##.### # #.# #!#.#.#
#....# # #.#
###~#...#######..### # ##.##
#.###............# #
#...###..#.###........##
#..............########
#...###.#.###### #####
#.#รท###### #.#......#


You could see MrAu's ghost and an adder.

Vanquished Creatures
  Sigmund (D:2)
  A kobold brigand (Sewer)
  A bullfrog (D:4)
  Crazy Yiuf (D:3)
  Ijyb (D:4)
  10 adders
  5 gnolls
  A river rat (Sewer)
  A worm (D:4)
  6 dart slugs
  7 bats
  7 endoplasms
  4 giant cockroaches
  8 goblins
  3 hobgoblins
  3 jackals (D:2)
  3 quokkas
  7 ball pythons
  6 frilled lizards
  4 kobolds
  9 rats
89 creatures vanquished.

Notes
Turn   | Place    | Note
-------+----------+-------------------------------------------
     0 | D:1      | Bnni the Tengu Hunter began the quest for the Orb.
     0 | D:1      | Reached XP level 1. HP: 12/12 MP: 2/2
    45 | D:1      | Found Archeimun's Book Shoppe.
   170 | D:1      | Reached XP level 2. HP: 12/18 MP: 3/3
   375 | D:1      | Reached skill level 5 in Ranged Weapons
   510 | D:1      | Found Tiehoim's Jewellery Shop.
   530 | D:1      | Reached XP level 3. HP: 22/22 MP: 4/4
   628 | D:2      | Noticed Sigmund
   942 | D:2      | Reached XP level 4. HP: 27/27 MP: 5/5
  1023 | D:2      | Found Etsuerosm's Antique Weapon Shop.
  1305 | D:2      | Killed Sigmund
  1306 | D:2      | Reached skill level 6 in Ranged Weapons
  1306 | D:2      | Gained mutation: Your magical nature lets you fly swiftly
                  | and evasively. [Tengu growth]
  1306 | D:2      | Reached XP level 5. HP: 20/33 MP: 6/6
  1306 | D:2      | Reached XP level 6. HP: 23/38 MP: 7/7
  1554 | D:3      | Found a faded altar of an unknown god.
  1898 | D:3      | Reached skill level 7 in Ranged Weapons
  2078 | D:3      | Found a runed translucent door.
  2079 | D:3      | Noticed Crazy Yiuf
  2126 | D:3      | Killed Crazy Yiuf
  2401 | D:4      | Found a glowing drain.
  2428 | D:4      | Found an ancient bone altar of Kikubaaqudgha.
  2492 | Sewer    | Entered a sewer
  2620 | Sewer    | Found a white marble altar of Elyvilon.
  2695 | D:4      | Reached XP level 7. HP: 44/44 MP: 8/8
  2804 | D:4      | Found a runed translucent door.
  2826 | D:4      | Noticed MrAu's ghost (amateur FoFi)
  3104 | D:4      | Noticed Ijyb
  3118 | D:4      | Killed Ijyb
  3267 | D:4      | Noticed Duvessa
  3268 | D:4      | Noticed Dowan
  3278 | D:4      | Noticed Eustachio
  3420 | D:4      | Reached skill level 8 in Ranged Weapons
  3444 | D:4      | Slain by MrAu's ghost

Illustrated notes

Levels and vault maps discovered:
D:1:      dpeg_arrival_stone_temple_mockup, layout_loops_cross, serial_shops,
          shop, shop
D:2:      minmay_inner_zag, layout_basic, serial_shops, shop, uniq_sigmund
D:3:      layout_loops_ring, shapermc_ecumenical_altar_gd,
          uniq_crazy_yiuf_cottage
D:4:      layout_loops_ring, nicolae_kikubaaqudgha_miasma_corner,
          ebering_ghost_sewer_d, gup_sewer_entry_glass, uniq_duvessa,
          uniq_eustachio, uniq_ijyb

Skill      XL: |  1  2  3  4  5  6  7 |
---------------+----------------------+-----
Ranged Weapons | 5 6 7 8 |  8.2
Fighting       | 3 4 |  4.8
Dodging        | |  2.1
Stealth        | |  1.0

Action                     |  1- 3 |  4- 6 |  7- 9 || total
---------------------------+-------+-------+-------++-------
  Melee: Dagger            |       |     6 |     3 ||     9
         Kick              |       |     3 |     2 ||     5
         Peck              |       |     3 |       ||     3
   Fire: Shortbow          |    65 |   149 |    86 ||   300
    Use: Scroll            |       |     4 |     1 ||     5
         Potion            |       |       |     2 ||     2
 Armour: Leather armour    |     7 |    11 |    16 ||    34
  Dodge: Dodged            |    20 |    43 |    40 ||   103

Table legend: (Time is in decaauts)
 A = Elapsed time spent in this place.
 B = Non-inter-level travel time spent in this place.
 C = Inter-level travel time spent in this place.
 D = Time resting spent in this place.
 E = Time spent auto-exploring this place.
 F = Levels seen in this place.
 G = Mean time per level.
                   A        B        C        D        E       F      G
               +--------+--------+--------+--------+--------+-----+--------+
         Total |   3308 |   3153 |    155 |    123 |   2320 |   5 |  661.6 |
       Dungeon |   3152 |   2997 |    155 |    123 |   2226 |   4 |  788.0 |
         Sewer |    155 |    155 |      0 |      0 |     94 |   1 |  155.0 |
               +--------+--------+--------+--------+--------+-----+--------+

Top non-repeatable levels by time:
     D:2: 883 daAuts
     D:3: 824 daAuts
     D:4: 783 daAuts
     D:1: 662 daAuts
   Sewer: 155 daAuts
